Map: Bridgehead LE (Void)

Players

wabbajack - Winner!

  • Race: Zerg Zerg
  • League: Grandmaster

System

  • Race: Zerg Zerg
  • League: Grandmaster

VOD

Have the link to the VOD?

Description

Time

  • Played on: July 15, 2015, 1:32 p.m.
  • Length: 6:14
Show
View Real Time Build Order
Export as new Build Order

wabbajack Zerg - Winner!

Build Orders: Hatch First 

Get SALT Encoding   

  12  0:01  Drone  
  13  0:14  Overlord  
  13  0:19  Drone  
  14  0:23  Extractor  
  14  0:24  Drone  
  15  0:33  Drone  
  16  0:37  Drone  
  17  0:55  Hatchery  
  16  0:58  Drone  
  16  1:01  Extractor  
  16  1:02  Drone  
  17  1:12  Drone  
  18  1:20  Spawning Pool  
  17  1:27  Drone  
  17  1:30  Drone  
  19  1:41  Overlord  
  19  1:52  Drone  
  20  2:11  Queen x2  
  20  2:12  Metabolic Boost  
  24  2:17  Drone x2  
  24  2:19  Drone  
  24  2:21  Drone  
  28  2:25  Overlord  
  28  2:33  Zergling x2  
  28  2:35  Zergling x2  
  30  2:45  Zergling x4  
  32  3:05  Overlord  
  32  3:06  Zergling x2  
  32  3:07  Zergling x2  
  32  3:09  Zergling x2  
  35  3:24  Zergling x2  
  35  3:25  Zergling x18  
  45  3:38  Baneling Nest  
  44  3:45  Hatchery  
  44  3:48  Overlord  
  36  4:28  Zergling x2  
  36  4:29  Zergling x30  
  48  4:35  Queen  
  45  4:59  Zergling x2  
  45  5:00  Zergling x10  
  45  5:03  Zergling x10  
  45  5:04  Zergling x6  
  58  5:08  Overlord  
Show
View Real Time Build Order
Export as new Build Order

System Zerg 

Build Orders: Pool First 

Get SALT Encoding   

  12  0:01  Drone  
  13  0:12  Overlord  
  13  0:17  Drone  
  14  0:32  Drone x2  
  16  0:36  Drone  
  17  0:46  Drone  
  18  0:50  Spawning Pool  
  17  0:57  Drone  
  18  1:07  Drone  
  19  1:19  Hatchery  
  19  1:20  Drone  
  19  1:23  Extractor  
  18  1:29  Drone  
  19  1:36  Queen  
  19  1:39  Overlord  
  21  1:50  Drone  
  22  2:00  Drone  
  23  2:17  Zergling x2  
  24  2:26  Evolution Chamber  
  24  2:27  Metabolic Boost  
  24  2:29  Zergling x2  
  24  2:34  Queen  
  24  2:35  Overlord  
  26  2:37  Zergling x2  
  27  2:46  Zergling x10  
  27  2:47  Zergling x2  
  33  2:55  Drone  
  34  3:01  Zerg Missile Weapons Level 1  
  34  3:06  Zergling x4  
  36  3:13  Drone  
  36  3:15  Drone  
  36  3:16  Drone x3  
  36  3:19  Drone  
  42  3:32  Baneling Nest, Drone x2  
  43  3:38  Zergling x2  
  44  3:45  Overlord x2  
  44  3:58  Spine Crawler  
  43  4:06  Zergling x8  
  43  4:07  Zergling x8  
  42  4:20  Zergling x6  
  42  4:21  Zergling x6  
  33  4:43  Drone  
  33  4:44  Drone x4  
  38  4:47  Queen  
  40  4:54  Drone x4  
  40  4:55  Drone  
  45  5:04  Drone x2  
  47  5:09  Drone  
  48  5:15  Extractor  
  48  5:16  Extractor  
  48  5:17  Spine Crawler  
  45  5:25  Zergling x8  
  45  5:26  Zergling x4  
  51  5:29  Spine Crawler  
  31  5:48  Drone x4  
  27  5:56  Zergling x4  
Tags
 
Add a new tag
Caveats
  • Supply blocks, unpowered buildings, or Contaminate may cause inaccurate times.
  • Supply counts are checked every 10 seconds.